 Dungeon Crawl Stone Soup version 0.32-a0-999-gfa1cc04b1d (webtiles) character file.

Game seed: 6899088141480366776

198 protoss039 the Digger (level 5, 39/39 HPs)
             Began as a Demonspawn Earth Elementalist on Apr 24, 2024.
             Got out of the dungeon alive.
             The game lasted 00:08:28 (3314 turns).

protoss039 the Digger (DsEE)                        Turns: 3314, Time: 00:08:29

Health: 39/39      AC:  6    Str: 11    XL:     5   Next: 47%
Magic:  9/9        EV:  9    Int: 21    God:
Gold:   184        SH:  0    Dex: 13    Spells: 3/10 levels left

rFire   . . .        h - +5 spear of the Burning Ancients {vamp, +Blink rPois Str+2 Int+4}
rCold   . . .        (no shield)
rNeg    . . .        j - +0 ring mail
rPois   +            (no helmet)
rElec   .            (no cloak)
rCorr   .            d - +0 pair of gloves
SInv    .            (no boots)
Will    .....        (no amulet)
Stlth   +            (no ring)
HPRegen 0.26/turn    (no ring)
MPRegen 0.22/turn

%: no passive effects
@: no status effects
A: magic regeneration, demonic touch 1
a: Evoke Blink


You escaped.
You visited 1 branch of the dungeon, and saw 3 of its levels.

You collected 184 gold pieces.

Inventory:

Hand Weapons
 h - the +5 spear of the Burning Ancients (weapon) {vamp, +Blink rPois Str+2 Int+4}
   (You found it on level 2 of the Dungeon)

   Str+2:     It affects your strength (+2).
   Int+4:     It affects your intelligence (+4).
   rPois:     It protects you from poison.
   +Blink:    It lets you blink.
Armour
 a - a +0 robe
 d - a +0 pair of gloves (worn)
 j - a +0 ring mail (worn)
Jewellery
 o - a ring of fire
Scrolls
 i - a scroll of poison {unknown}
 k - 2 scrolls of revelation {unknown}
 l - 2 scrolls of teleportation {unknown}
 m - a scroll of summoning {unknown}
 n - a scroll of fear {unknown}
Potions
 b - 2 potions of magic
 c - a potion of ambrosia {unknown}
 e - a potion of enlightenment {unknown}
 f - 2 potions of attraction {unknown}
 g - a potion of berserk rage {unknown}
 p - a potion of haste {unknown}


   Skills:
 + Level 2.4 Fighting
 + Level 0.8 Armour
 + Level 2.2 Dodging
 - Level 1.7 Stealth
 + Level 3.1 Spellcasting
 + Level 1.8 Conjurations
 + Level 3.6 Earth Magic


You had 3 spell levels left.
You knew the following spells:

 Your Spells              Type           Power      Damage    Failure   Level
a - Sandblast             Erth           36%        2d10      7%          1
b - Passwall              Erth           18%        N/A       22%         3
c - Stone Arrow           Conj/Erth      28%        3d8       30%         3

Your spell library contained the following spells:

 Spells                   Type           Power      Damage    Failure   Level
 Magic Dart               Conj           44%        1d5       16%         1
 Sting                    Conj/Alch      28%        1d4       22%         1
 Apportation              Tloc           6%         N/A       32%         1
 Blink                    Tloc           6%         N/A       43%         2
 Call Imp                 Summ           6%         N/A       43%         2
 Ensorcelled Hibernation  Hex/Ice        6%         N/A       43%         2
 Jinxbite                 Hex            6%         N/A       43%         2
 Mercury Vapours          Alch/Air       6%         N/A       43%         2
 Dazzling Flash           Conj/Hex       14%        N/A       54%         3
 Mephitic Cloud           Conj/Alch/Air  5%         N/A       58%         3
 Maxwell's Portable Pile  Tloc           3%         2d(5-14)  67%         3
 Summon Ice Beast         Ice/Summ       3%         N/A       67%         3
 Swiftness                Air            3%         N/A       67%         3
 Brom's Barrelling Bould  Conj/Erth      14%        2d4       71%         4
 Petrify                  Alch/Erth      10%        N/A       83%         4
 Olgreb's Toxic Radiance  Alch           3%         N/A       97%         4
 Alistair's Intoxication  Alch           2%         N/A       100%        5
 Silence                  Hex/Air        1%         N/A       100%        5
 Summon Mana Viper        Hex/Summ       3%         N/A       100%        5
 Yara's Violent Unravell  Hex/Alch       1%         3d3       100%        5
 Enfeeble                 Hex            1%         N/A       100%        7
 Magnavolt                Erth/Air       5%         3d10      100%        7
 Monstrous Menagerie      Summ           1%         N/A       100%        7
 Maxwell's Capacitive Co  Air            1%         ∞         100%        8


Dungeon Overview and Level Annotations

Branches:
Dungeon (3/15) Zot: 14645

Altars:
Dithmenos
Wu Jian
Xom

Shops:
D:1 :   D:2 *

Annotations:
D:2 Sigmund


Innate Abilities, Weirdness & Mutations

You regenerate magic rapidly.
Your touch may inflict minor irresistible damage on your foes.


Message History

You open the door.
Found 8 stones.
There is an open door here.
Found a shimmering altar of Xom.
You see here a stone.
You now have 184 gold pieces (gained 1).
You see here a large rock.
You see here a stone.
You see here a stone.
You open the door.
There is an open door here.
You open the door.
There is an open door here.
You see here a +0 chain mail.
You open the door.
There is an open door here.
Key pressed, stopping explore.
No target in view!
Done exploring.
No target in view!
Done exploring.
Done exploring.
No target in view!
Done exploring.
Done exploring.
Search for what [Enter for "."]? .
Sorry, I don't know how to get there.
You see here a frilled lizard skeleton.
There is an open door here.
There is an open door here.
There is a stone staircase leading up here.
You climb upwards.
Level annotation: Sigmund
There is a stone staircase leading down here.
What level of the Dungeon? (default 3, ? - help)
There is a stone staircase leading up here.
You climb upwards.
There is a stone staircase leading down here.
There is a staircase leading out of the dungeon here.
You have escaped!

#.# #...#......# #.#
#.#.#.##.### #.#
#...#.##.# #.#
#.>.#.##.## #.#
#...#.....# ####
#.######.#.####### ...#
#.#...........(.# ...#
#.#...........[.# ...#
#.#......@......# ...#
#.#.............#
)..#####.#.............#
.........###############
.......####....#
##.###.# #.##.### #.#
#.# #.##.#.##### ##.#
#.####..#.#.....# .#.#
#...))#.#.#.###.#


There were no monsters in sight!

Vanquished Creatures
  A black bear (D:3)
  4 gnolls
  3 adders
  A ribbon worm (D:2)
  An orc (D:3)
  5 ball pythons
  4 endoplasms
  3 giant cockroaches
  2 goblins (D:1)
  4 hobgoblins
  7 bats
  A frilled lizard (D:3)
  4 kobolds
  6 rats
46 creatures vanquished.

Notes
Turn   | Place    | Note
-------+----------+-------------------------------------------
     0 | D:1      | protoss039 the Demonspawn Earth Elementalist began the
                  | quest for the Orb.
     0 | D:1      | Reached XP level 1. HP: 13/13 MP: 3/3
   396 | D:1      | Gained mutation: Your touch may inflict minor irresistible
                  | damage on your foes. [demonic ancestry]
   396 | D:1      | Reached XP level 2. HP: 20/20 MP: 0/5
   718 | D:1      | Reached skill level 1 in Fighting
   942 | D:1      | Noticed a walking earthen tome
   946 | D:1      | Found Hanudd's Book Shoppe.
   949 | D:1      | Noticed a walking crystal tome
  1101 | D:2      | Reached XP level 3. HP: 26/26 MP: 4/6
  1393 | D:2      | Identified the +5 spear of the Burning Ancients {vamp,
                  | +Blink rPois Str+2 Int+4}
  1407 | D:2      | Learned a level 3 spell: Passwall
  1411 | D:2      | Learned a level 3 spell: Stone Arrow
  1463 | D:2      | Noticed Sigmund
  1472 | D:2      | Reached XP level 4. HP: 27/33 MP: 4/8
  1997 | D:2      | Found Tauhaoqenups's Assorted Antiques.
  2301 | D:3      | Found an ornate altar of the Wu Jian Council.
  2850 | D:3      | Found a shadowy altar of Dithmenos.
  2942 | D:3      | Noticed a black bear
  2951 | D:3      | Found a faded altar of an unknown god.
  2959 | D:3      | Killed a black bear
  2960 | D:3      | Gained mutation: You regenerate magic rapidly. [demonic
                  | ancestry]
  2960 | D:3      | Reached XP level 5. HP: 30/39 MP: 3/9
  3181 | D:3      | Found a shimmering altar of Xom.
  3314 | D:$      | Got out of the dungeon alive.

Illustrated notes

Levels and vault maps discovered:
D:1:      lemuel_arrival_hallway, layout_basic, serial_shops,
          nicolae_shop_mannequins
D:2:      layout_basic, serial_shops, nicolae_shop_window_shopping, uniq_sigmund
D:3:      layout_loops_corners, mainiacjoe_overflow_paths,
          regret_index_xom_buried_treasure, nicolae_overflow_hidden_temple,
          ebering_ecumenical_altar_abandoned

Skill      XL: |  1  2  3  4 |
---------------+-------------+-----
Fighting       | 1 2 |  2.4
Earth Magic    | 3 |  3.6
Dodging        | 2 |  2.2
Spellcasting   | 3 |  3.1
Armour         | |  0.8
Stealth        | |  1.7
Conjurations   | |  1.8

Action                     |  1- 3 |  4- 6 || total
---------------------------+-------+-------++-------
  Melee: Unarmed           |    43 |       ||    43
         Rapier            |    10 |       ||    10
         Spear             |       |     8 ||     8
         Touch             |       |     1 ||     1
   Cast: Sandblast         |    46 |    29 ||    75
         Passwall          |       |     5 ||     5
 Armour: Robe              |    59 |     5 ||    64
         Ring mail         |       |     9 ||     9
  Dodge: Dodged            |    60 |    14 ||    74

Table legend: (Time is in decaauts)
 A = Elapsed time spent in this place.
 B = Non-inter-level travel time spent in this place.
 C = Inter-level travel time spent in this place.
 D = Time resting spent in this place.
 E = Time spent auto-exploring this place.
 F = Levels seen in this place.
 G = Mean time per level.
                   A        B        C        D        E       F      G
               +--------+--------+--------+--------+--------+-----+--------+
         Total |   3354 |   3208 |    146 |    261 |   2044 |   3 | 1118.0 |
       Dungeon |   3354 |   3208 |    146 |    261 |   2044 |   3 | 1118.0 |
               +--------+--------+--------+--------+--------+-----+--------+

Top non-repeatable levels by time:
     D:1: 1189 daAuts
     D:3: 1105 daAuts
     D:2: 1059 daAuts
